 Dungeon Crawl Stone Soup version 0.27-a0-78-g75406f0b48 (webtiles) character file.

Game seed: 1236048160280331827

8306 lmSkywalker the Nimble (level 11, -2/75 HPs)
             Began as a Merfolk Transmuter on Jan 13, 2021.
             Was a High Priest of Cheibriados.
             Slain by a worker ant (4 damage)
             ... on level 9 of the Dungeon on Jan 14, 2021.
             The game lasted 00:58:03 (11197 turns).

lmSkywalker the Nimble (Merfolk Transmuter)        Turns: 11197, Time: 00:58:04

Health: -2/75      AC:  7    Str: 22    XL:     11   Next: 28%
Magic:  13/15      EV: 31    Int: 28    God:    Cheibriados [*****.]
Gold:   625        SH:  0    Dex: 27    Spells: 3/14 levels left

rFire    x . .     SeeInvis .   N - staff of cold
rCold    + + +     Faith    .   (no shield)
rNeg     . . .     Spirit   .   M - +2 robe {rC+}
rPois    .         Reflect  .   (helmet currently unavailable)
rElec    .         Harm     .   m - +2 cloak
rCorr    .         Rampage  .   (no gloves)
Will     .....                  (boots currently unavailable)
Stlth    +++.......             (no amulet)
HPRegen  0.22/turn              j - ring of ice
MPRegen  0.14/turn              r - +4 ring of slaying

@: appendages, very slow
A: change form in water, swift swim, stealthy swim, horns 2
a: End Transformation, Renounce Religion, Bend Time, Temporal Distortion,
Slouch, Step From Time


You were on level 9 of the Dungeon.
You worshipped Cheibriados.
Cheibriados was extremely pleased with you.
You had grown temporary horns.
You visited 1 branch of the dungeon, and saw 11 of its levels.

You collected 625 gold pieces.

Inventory:

Missiles
 c - 312 stones (quivered)
 d - 3 silver boomerangs
Armour
 e - a cursed +1 tower shield
 m - a +2 cloak (worn)
 n - a +0 buckler
 w - a +0 helmet (melded)
 M - a +2 robe of cold resistance (worn)
Magical Staves
 N - an uncursed staff of cold (weapon)
Jewellery
 j - a ring of ice (left hand)
 r - a +4 ring of slaying (right hand)
 s - the ring "Yluoduiw" {rF+ Str+6 Int+3, unknown}
   (You found it on level 9 of the Dungeon)

   [ring of protection from fire]

   It affects your strength (+6).
   It affects your intelligence (+3).
   It protects you from fire.
 y - an uncursed ring of fire
 H - an uncursed ring of magical power
 I - an uncursed ring of positive energy
Wands
 a - a wand of polymorph (12)
 h - a wand of acid (8)
 E - a wand of digging (1)
 J - a wand of iceblast (3)
 K - a wand of paralysis (8)
 L - a wand of flame (13)
Scrolls
 b - 5 scrolls of remove curse
 f - a scroll of noise {unknown}
 g - 6 scrolls of teleportation
 l - a scroll of enchant weapon {unknown}
 t - a scroll of magic mapping {unknown}
 x - 2 scrolls of enchant armour
 A - a scroll of amnesia
 B - a scroll of random uselessness
 D - a scroll of fear {unknown}
 F - a scroll of summoning {unknown}
 G - a scroll of immolation
Potions
 i - 2 potions of cancellation
 k - 2 potions of brilliance
 o - 3 potions of lignification
 p - 3 potions of curing
 q - a potion of invisibility
 u - 2 potions of might
 v - 2 potions of attraction
 z - a potion of ambrosia
 C - 3 potions of mutation


   Skills:
 + Level 3.2 Fighting
 + Level 11.5 Dodging
 - Level 1.0 Stealth
 + Level 10.6 Unarmed Combat
 - Level 2.0 Spellcasting
 + Level 1.6 Summonings
 - Level 9.5 Transmutations
 - Level 5.8 Ice Magic
 - Level 4.1 Poison Magic
 + Level 5.5 Invocations


You had 3 spell levels left.
You knew the following spells:

 Your Spells              Type           Power        Failure   Level
a - Beastly Appendage     Tmut           100%         1%          1
b - Wereblood             Tmut           54%          1%          2
c - Summon Ice Beast      Ice/Summ       52%          21%         4
d - Ice Form              Ice/Tmut       80%          3%          4

Your spell library contained the following spells:

 Spells                   Type           Power        Failure   Level
 Spider Form              Tmut/Pois      20%          1%          3
 Summon Small Mammal      Summ           44%          4%          1
 Call Imp                 Summ           11%          7%          2
 Magic Dart               Conj           8%           9%          1
 Blink                    Tloc           N/A          14%         2
 Slow                     Hex            2%           14%         2
 Call Canine Familiar     Summ           11%          14%         3
 Mephitic Cloud           Conj/Pois/Air  10%          16%         3
 Summon Guardian Golem    Hex/Summ       7%           21%         3
 Conjure Flame            Conj/Fire      2%           26%         3
 Blade Hands              Tmut           27%          4%          5
 Summon Lightning Spire   Summ/Air       7%           54%         4


Dungeon Overview and Level Annotations

Branches:
Dungeon (11/15)            Temple (0/1) D:7            Lair (0/6) D:9
    Orc: D:9-12

Altars:
Ashenzari
Cheibriados
Dithmenos
Fedhas
Gozag
Kikubaaqudgha
Makhleb
Ru
Trog
Uskayaw
Vehumet
Zin

Shops:
D:4 }

Annotations:
D:6 exclusion: downstairs, Dowan, Duvessa


Innate Abilities, Weirdness & Mutations

You revert to your normal form in water.
You are very nimble and swift while swimming.
You are very stealthy in the water. (Stealth+)
You have a pair of horns on your head.


Message History

The electric eel is severely wounded.
The worker ant completely misses you.
The electric eel shoots out a bolt of lightning at you!
The bolt of electricity hits you.
* * * LOW HITPOINT WARNING * * *
The worker ant completely misses you.
You hit the electric eel.
You kill the electric eel!
Cheibriados thoroughly appreciates the change of pace.
The worker ant closely misses you.
You closely miss the worker ant. Your punch misses the worker ant.
The worker ant closely misses you. x2
You closely miss the worker ant. You tail-slap the worker ant!
The worker ant is moderately wounded.
The worker ant barely misses you.
You hit the worker ant.
You headbutt the worker ant, but do no damage.
The worker ant is heavily wounded.
The worker ant bites you.
You die...

#..........# #####
#.......<..# #...#
#.....)..).###+#...#
#..........))......# .
#....#######)).....# ...
#....# #.†.....#
....#'#..# #.......#
......#..#######.......#
..≈≈≈≈≈@≈.....##.......#
..≈≈≈≈≈≈B......##.......#
≈≈≈≈≈≈≈≈≈..≈≈..##.......#
(≈≈≈≈≈≈≈≈≈≈≈≈..##..######
≈≈≈≈≈≈≈≈≈≈≈≈≈......#.....
..≈≈≈≈.≈≈≈≈.......#.....
≈≈....≈≈≈≈≈≈......#.....
....>..≈≈≈≈.... #.....
#.....


You could see a worker ant.

Vanquished Creatures
  Harold (D:8)
  Erica (D:8)
  A two-headed ogre (D:10)
  Pikel (D:8)
  Maurice (D:8)
  A troll (D:9)
  Prince Ribbit (D:5)
  Grum (D:8)
  A steam dragon (D:9)
  Edmund (D:6)
  Menkaure (D:7)
  A water moccasin (D:8)
  A black bear (D:10)
  2 orc warriors
  2 ice beasts (D:8)
  2 phantoms
  3 sky beasts
  3 ogres
  9 wolves
  2 lemures (D:8)
  5 centaurs
  5 bullfrogs
  A wyvern zombie (D:11)
  A water moccasin zombie (D:8)
  2 scorpions
  5 killer bees (D:8)
  4 wights (D:9)
  2 howler monkeys
  6 electric eels
  A bullfrog zombie (D:8)
  6 hounds
  2 bullfrog skeletons
  A gnoll shaman (D:9)
  4 orc priests
  A jelly (D:8)
  A centaur skeleton (D:4)
  Jessica (D:2)
  3 orc wizards
  5 worker ants
  A hound zombie (D:5)
  4 gnolls (D:9)
  12 adders
  2 shadow imps (D:5)
  A white imp (D:8)
  An ufetubus (D:8)
  3 oozes
  2 adder skeletons
  4 worms
  8 dart slugs
  6 leopard geckos
  24 orcs
  9 bats
  3 giant cockroaches
  10 goblins
  7 hobgoblins
  2 jackals (D:4)
  7 kobolds
  2 quokkas
  A ball python (D:4)
  7 frilled lizards
  A jackal skeleton (D:8)
  6 rats
215 creatures vanquished.

Vanquished Creatures (others)
  A human (D:7)
  A quokka (D:9)
  A fungus (D:5)
  7 plants
10 creatures vanquished.

Grand Total: 225 creatures vanquished

Notes
Turn   | Place    | Note
-------+----------+-------------------------------------------
     0 | D:1      | lmSkywalker the Merfolk Transmuter began the quest for the
                  | Orb.
     0 | D:1      | Reached XP level 1. HP: 15/15 MP: 3/3
   191 | D:1      | Reached XP level 2. HP: 21/21 MP: 3/5
   194 | D:1      | Learned a level 2 spell: Wereblood
   862 | D:1      | Reached XP level 3. HP: 26/26 MP: 6/6
  1261 | D:2      | Noticed Jessica
  1278 | D:2      | Killed Jessica
  1279 | D:2      | Reached skill level 3 in Dodging
  1279 | D:2      | Reached XP level 4. HP: 23/33 MP: 4/7
  1485 | D:2      | Reached skill level 5 in Unarmed Combat
  1944 | D:2      | Found a radiant altar of Vehumet.
  1964 | D:2      | Reached XP level 5. HP: 30/39 MP: 6/8
  2212 | D:2      | Found a snail-covered altar of Cheibriados.
  2215 | D:2      | Became a worshipper of Cheibriados the Contemplative
  2359 | D:3      | Found a sacrificial altar of Ru.
  2416 | D:3      | Learned a level 3 spell: Spider Form
  2892 | D:3      | Reached skill level 4 in Dodging
  3536 | D:4      | Noticed an ogre
  3694 | D:4      | Reached * piety under Cheibriados
  3829 | D:4      | Reached skill level 1 in Poison Magic
  3829 | D:4      | Reached XP level 6. HP: 34/46 MP: 9/9
  4052 | D:4      | Found Ippyff's Gadget Boutique.
  4541 | D:5      | Entered Level 5 of the Dungeon
  4588 | D:5      | Reached skill level 5 in Dodging
  4591 | D:5      | Reached XP level 7. HP: 46/51 MP: 10/10
  4876 | D:5      | Found a shadowy altar of Dithmenos.
  5000 | D:5      | Found a broken altar of Ashenzari.
  5004 | D:5      | Saw a vision of the Swamp and the Spider Nest.
  5004 | D:5      | Noticed a redback
  5004 | D:5      | Noticed a wolf spider
  5004 | D:5      | Noticed a goliath frog
  5004 | D:5      | Noticed a vampire mosquito
  5004 | D:5      | Noticed a vampire mosquito
  5007 | D:5      | Noticed a redback
  5037 | D:5      | Reached skill level 5 in Transmutations
  5198 | D:5      | Reached skill level 6 in Dodging
  5232 | D:5      | Reached ** piety under Cheibriados
  5233 | D:5      | Reached XP level 8. HP: 55/57 MP: 9/11
  5468 | D:6      | Noticed Prince Ribbit
  5518 | D:6      | Found a snail-covered altar of Cheibriados.
  5665 | D:5      | Killed Prince Ribbit
  6171 | D:6      | Noticed Duvessa
  6303 | D:6      | Noticed Edmund
  6328 | D:6      | Killed Edmund
  6329 | D:6      | Reached skill level 1 in Stealth
  6329 | D:6      | Reached skill level 1 in Invocations
  6455 | D:7      | Learned a level 4 spell: Ice Form
  6470 | D:7      | Found an ancient bone altar of Kikubaaqudgha.
  6471 | D:7      | Noticed Menkaure
  6546 | D:7      | Reached skill level 7 in Dodging
  6662 | D:7      | Found a staircase to the Ecumenical Temple.
  6701 | D:7      | Reached skill level 1 in Ice Magic
  6795 | D:6      | Noticed Dowan
  6817 | D:7      | Found an opulent altar of Gozag.
  6848 | D:7      | Found a glowing silver altar of Zin.
  6932 | D:7      | Killed Menkaure
  6933 | D:7      | Reached XP level 9. HP: 28/62 MP: 10/12
  7260 | D:8      | Upgraded the game from 0.27-a0-75-g9f9dfd16e9 to
                  | 0.27-a0-78-g75406f0b48
  7313 | D:8      | Noticed Erica
  7330 | D:8      | Killed Erica
  7331 | D:8      | Reached skill level 8 in Dodging
  7489 | D:8      | Noticed Grum
  7515 | D:8      | Killed Grum
  7526 | D:8      | HP: 3/62 [wolf[Grum] (10)]
  7987 | D:8      | You fall into a shaft and drop 3 floors!
  7992 | D:11     | Noticed a two-headed ogre
  8127 | D:11     | Reached *** piety under Cheibriados
  8200 | D:11     | Reached skill level 9 in Dodging
  8223 | D:11     | Noticed a two-headed ogre
  8245 | D:11     | Reached XP level 10. HP: 52/68 MP: 13/13
  8538 | D:11     | Reached skill level 5 in Ice Magic
  8556 | D:10     | Entered Level 10 of the Dungeon
  8564 | D:10     | Killed a two-headed ogre
  8890 | D:9      | Found a hide-covered altar of Uskayaw.
  9287 | D:9      | Reached skill level 10 in Dodging
  9408 | D:8      | Found a blossoming altar of Fedhas.
  9410 | D:8      | Found a burning altar of Makhleb.
  9523 | D:8      | Reached **** piety under Cheibriados
  9637 | D:8      | Noticed Pikel
  9649 | D:8      | Killed Pikel
  9790 | D:8      | Found a bloodstained altar of Trog.
  9811 | D:8      | Noticed Maurice
  9834 | D:8      | Killed Maurice
  9835 | D:8      | Reached skill level 10 in Unarmed Combat
 10098 | D:8      | Noticed Harold
 10111 | D:8      | Killed Harold
 10112 | D:8      | Reached skill level 11 in Dodging
 10112 | D:8      | Reached skill level 5 in Invocations
 10112 | D:8      | Reached XP level 11. HP: 21/73 MP: 7/14
 10571 | D:8      | Learned a level 4 spell: Summon Ice Beast
 10995 | D:9      | Reached ***** piety under Cheibriados
 10998 | D:9      | Reached skill level 1 in Summonings
 11158 | D:9      | Got a glittering wooden ring
 11182 | D:9      | Found a staircase to the Lair.
 11193 | D:9      | HP: 1/75 [electric eel/bolt of electricity (6)]
 11197 | D:9      | Slain by a worker ant

Illustrated notes

Levels and vault maps discovered:
D:1:      wander_arrival_lonely_grave, layout_rooms, minmay_split_cup_small
D:2:      layout_rooms, lemuel_doored_altar, lemuel_round_altar,
          guppyfry_early_lair_pool, uniq_jessica
D:3:      layout_loops_corners, nicolae_ru_the_path_less_chosen
D:4:      layout_cave_pools, lemuel_zombie_altar_yredelemnul, serial_shops,
          kennysheep_little_box
D:5:      wad_lake_hut, layout_loops_cross, marbit_many_paths,
          grunt_ashenzari_visionary [grunt_ashenzari_visionary_swamp,
          grunt_ashenzari_visionary_spider]
D:6:      layout_layer_cave, kennysheep_slug_shrine, uniq_edmund,
          uniq_prince_ribbit1, uniq_duvessa
D:7:      layout_cave_pools, pdpol_temple_overflow_zin_treasury_gozag_greed,
          temple_hall, minmay_misc_feat_hallway, tgw_kikubaaqudgha,
          uniq_menkaure
D:8:      minmay_s_stair_smasher, layout_layer_cave,
          gammafunk_temple_overflow_forgotten, serial_co_window_serial,
          co_window_paths_b, co_window_paths_a, co_window_corner_a,
          co_window_paths_b, co_window_of_opportunity_a, co_window_2corner,
          co_window_broadway_a, co_window_broadway_c, co_window_2corner,
          glass_columns_a, glass_columns_a, glass_columns_b, glass_columns_b,
          glass_columns_b, abandoned_shop, kennysheep_small_square, uniq_erica,
          uniq_pikel, uniq_maurice, uniq_harold, uniq_grum
D:9:      layout_irregular_city, elyvilon_altar_4, tgw_sif,
          eat_drink_and_be_merry_uskayaw, erik_lair_island
D:10:     kennysheep_spiral_hall, layout_cave_pods, kennysheep_generic_room_11
D:11:     regret_index_combs_of_tragedy, layout_basic, erik_orc_2

Skill      XL: |  1  2  3  4  5  6  7  8  9 10 11 |
---------------+----------------------------------+-----
Unarmed Combat | 4 5 6 7 8 10 | 10.6
Dodging        | 3 4 5 6 7 9 11 | 11.5
Fighting       | 2 3 |  3.2
Transmutations | 3 4 5 6 8 9 |  9.5
Poison Magic   | 1 2 3 4 |  4.1
Stealth        | 1 |  1.0
Invocations    | 2 5 |  5.5
Ice Magic      | 1 4 5 |  5.8
Summonings     | 1 |  1.6
Spellcasting   | |  2.0

Action                   |  1- 3 |  4- 6 |  7- 9 | 10-12 || total
-------------------------+-------+-------+-------+-------++-------
Melee: Unarmed           |    78 |   189 |   135 |   167 ||   569
       Headbutt          |     8 |    28 |    23 |     1 ||    60
       Punch             |       |     4 |     2 |     2 ||     8
       Tailslap          |       |     1 |     4 |     6 ||    11
       Staff             |       |       |       |    14 ||    14
Throw: Stone             |    11 |    38 |    22 |    38 ||   109
 Cast: Beastly Appendage |    17 |    43 |    23 |     4 ||    87
       Wereblood         |     1 |     5 |     1 |     7 ||    14
       Spider Form       |       |     1 |     6 |     1 ||     8
       Ice Form          |       |       |       |    22 ||    22
Invok: Bend Time         |       |       |     2 |     5 ||     7
 Abil: End Transformatio |       |       |       |     1 ||     1
  Use: Scroll            |       |     6 |     2 |     8 ||    16
       Potion            |       |       |       |     1 ||     1
 Stab: Sleeping          |       |     1 |       |       ||     1
       Distracted        |       |       |       |     1 ||     1
Armor: Robe              |    17 |    56 |    16 |     5 ||    94
       Skin              |       |       |     1 |    28 ||    29
Dodge: Dodged            |    70 |   122 |   151 |   209 ||   552

Table legend: (Time is in decaauts)
 A = Elapsed time spent in this place.
 B = Non-inter-level travel time spent in this place.
 C = Inter-level travel time spent in this place.
 D = Time resting spent in this place.
 E = Time spent auto-exploring this place.
 F = Levels seen in this place.
 G = Mean time per level.
                   A        B        C        D        E       F      G
               +--------+--------+--------+--------+--------+-----+--------+
         Total |  13602 |  12554 |   1048 |   2828 |   5327 |  11 | 1236.5 |
       Dungeon |  13602 |  12554 |   1048 |   2828 |   5327 |  11 | 1236.5 |
               +--------+--------+--------+--------+--------+-----+--------+

Top non-repeatable levels by time:
     D:8: 3463 daAuts
     D:5: 1581 daAuts
     D:3: 1562 daAuts
     D:2: 1206 daAuts
     D:1: 1142 daAuts
     D:4: 1116 daAuts
     D:7: 1046 daAuts
     D:6: 773 daAuts
     D:9: 755 daAuts
    D:11: 666 daAuts
    D:10: 286 daAuts
